 Dungeon Crawl Stone Soup version 0.27-a0-423-gf312af23e9 (webtiles) character file.

Game seed: 18026728231160882834

112 rageheart7 the Sneak (level 4, -5/33 HPs)
             Began as an Octopode Monk on Feb 26, 2021.
             Killed by divine providence
             ... invoked by an orc priest
              (15 damage)
             ... on level 3 of the Dungeon.
             The game lasted 00:02:26 (1862 turns).

rageheart7 the Sneak (Octopode Monk)                Turns: 1862, Time: 00:02:26

Health: -5/33      AC:  1    Str: 10    XL:     4   Next: 95%
Magic:  4/4        EV: 12    Int: 12    God:
Gold:   154        SH:  7    Dex: 15    Spells: 3/3 levels left

rFire    . . .     SeeInvis .   b - +0 dagger
rCold    . . .     Faith    .   d - +0 kite shield
rNeg     . . .     Spirit   .   (helmet restricted)
rPois    .         Reflect  .   (no amulet)
rElec    .         Harm     .   (no ring)
rCorr    .         Rampage  .   (no ring)
Will     .....                  (no ring)
Stlth    ++++......             (no ring)
HPRegen  0.11/turn              (no ring)
MPRegen  0.09/turn              (no ring)
                                (no ring)
                                (no ring)

@: no status effects
A: almost no armour, stealthy swim, amphibious, 8 rings, constrict 8, camouflage
1, gelatinous body 1
a: no special abilities


You were on level 3 of the Dungeon.
You visited 1 branch of the dungeon, and saw 3 of its levels.

You collected 154 gold pieces.

Inventory:

Hand Weapons
 b - a +0 dagger (weapon)
Armour
 d - a +0 kite shield (worn)
Scrolls
 a - a scroll of enchant armour {unknown}
 e - 4 scrolls of fear {unknown}
 f - 2 scrolls of blinking {unknown}
 g - a scroll of identify {unknown}
 j - a scroll of amnesia {unknown}
 l - a scroll of teleportation {unknown}
Potions
 c - 3 potions of curing {unknown}
 h - 2 potions of ambrosia {unknown}
 i - a potion of might {unknown}
 k - a potion of mutation {unknown}
 m - a potion of resistance {unknown}
 n - a potion of berserk rage {unknown}


   Skills:
 * Level 4.2 Fighting
 - Level 3.0 Short Blades
 + Level 3.6 Dodging
 + Level 4.5 Stealth
 + Level 0.4 Shields


You had 3 spell levels left.
You didn't know any spells.
Your spell library was empty.

Dungeon Overview and Level Annotations

Branches:
Dungeon (3/15)

Altars:
Ru


Innate Abilities, Weirdness & Mutations

You cannot wear most types of armour.
You are very stealthy in the water. (Stealth+)
You are amphibious.
You can wear up to eight rings at the same time.
You can use your tentacles to constrict eight enemies at once.
Your skin changes colour to match your surroundings (Stealth+).
Your rubbery body absorbs attacks. (AC +1, EV +1)


Message History

An orc comes into view.
You block the hound's attack.
You release your grip on the hound.
The hound misses you. The hound misses you.
There is an open door here.
You hit the hound. You grab the hound. You squeeze the hound!
The hound is almost dead.
You constrict the hound. You block the hound's attack. The hound bites you.
You hit the hound.
You kill the hound!
The orc throws a boomerang.
The boomerang closely misses you. The orc barely misses you.
You closely miss the orc. You grab the orc. You squeeze the orc.
The orc is severely wounded.
You constrict the orc. The orc hits you.
You hit the orc but do no damage.
The orc is almost dead.
You constrict the orc.
You kill the orc!
The orc priest looks satisfied for a moment.
You barely miss the quokka. Your grab misses the quokka. The quokka bites you.
You block the quokka's attack.
You barely miss the quokka. You grab the quokka.
You constrict the quokka, but do no damage.
The quokka barely misses you.
You hit the quokka but do no damage. You constrict the quokka.
The quokka closely misses you. You block the quokka's attack.
You hit the quokka.
The quokka is moderately wounded.
You constrict the quokka. The quokka bites you.
You hit the quokka.
You squeeze the quokka, but do no damage.
The quokka is almost dead.
You constrict the quokka.
You kill the quokka!
You closely miss the orc. You grab the orc. You constrict the orc.
You block the orc's attack.
The orc priest mumbles some strange prayers to Beogh against you.
Beogh smites you!
You die...

#..............#
#..............#
#..............#
#...............
#............... ##
#...#........... #.##
#...#...........
#..#####...#...........
+...oo@................
#....##....###.........
#.....#....# #.#.......
#..##.#....# #.##......
#.......#....#
#.##'#####
#.#..#..#.......†.....#
# #..#....8.8.........#
o.?. .8.....8.......#
..... ...............#


You could see an orc priest and an orc.

Vanquished Creatures
  A hound (D:3)
  A gnoll (D:1)
  2 adders
  An ooze (D:1)
  A dart slug (D:1)
  3 leopard geckos
  An orc (D:3)
  A giant cockroach (D:2)
  7 goblins
  3 hobgoblins
  3 jackals (D:3)
  3 kobolds (D:2)
  2 quokkas
  6 bats
  5 frilled lizards
  3 rats (D:3)
43 creatures vanquished.

Notes
Turn   | Place    | Note
-------+----------+-------------------------------------------
     0 | D:1      | rageheart7 the Octopode Monk began the quest for the Orb.
     0 | D:1      | Reached XP level 1. HP: 16/16 MP: 1/1
   179 | D:1      | Reached XP level 2. HP: 21/21 MP: 2/2
   344 | D:1      | Reached XP level 3. HP: 27/27 MP: 3/3
  1252 | D:2      | Found a sacrificial altar of Ru.
  1342 | D:2      | Reached XP level 4. HP: 28/33 MP: 4/4
  1862 | D:3      | Killed from afar by an orc priest

Illustrated notes

Levels and vault maps discovered:
D:1:      minmay_arrival_semitransparent, layout_loops_ring
D:2:      minmay_spotlight, layout_rooms, nicolae_ru_the_path_less_chosen
D:3:      layout_basic, zin_statuary, marbit_many_paths, minmay_crystal_water

Skill      XL: |  1  2  3  4 |
---------------+-------------+-----
Stealth        | 3 4 |  4.5
Fighting       | 4 |  4.2
Short Blades   | |  3.0
Dodging        | |  3.6
Shields        | |  0.4

Action                   |  1- 3 |  4- 6 || total
-------------------------+-------+-------++-------
Melee: Short sword       |    17 |       ||    17
       Constrict         |    12 |    12 ||    24
       Tentacles         |     8 |     9 ||    17
       Dagger            |    30 |    35 ||    65
 Stab: Sleeping          |    13 |     1 ||    14
Armor: Skin              |     7 |     3 ||    10
Dodge: Dodged            |     2 |    21 ||    23
Block: Kite shield       |    12 |    19 ||    31

Table legend: (Time is in decaauts)
 A = Elapsed time spent in this place.
 B = Non-inter-level travel time spent in this place.
 C = Inter-level travel time spent in this place.
 D = Time resting spent in this place.
 E = Time spent auto-exploring this place.
 F = Levels seen in this place.
 G = Mean time per level.
                   A        B        C        D        E       F      G
               +--------+--------+--------+--------+--------+-----+--------+
         Total |   1874 |   1821 |     53 |    268 |   1259 |   3 |  624.7 |
       Dungeon |   1874 |   1821 |     53 |    268 |   1259 |   3 |  624.7 |
               +--------+--------+--------+--------+--------+-----+--------+

Top non-repeatable levels by time:
     D:2: 773 daAuts
     D:1: 739 daAuts
     D:3: 360 daAuts
